AoeStats
← Lucas_lupo

Black Forest

506773786Analyzed
3v3 RM · 18d ago on Sep 15, 2026· 20m 18s· 6 players
Game mode
Random Map
Map size
Normal (6 player)
Population
200
Speed
Normal
Resources
Standard
Victory
Conquest
Starting age
Dark Age
Ending age
Imperial Age
RankedLock teamsTeams togetherTeam positionsShared explorationLock speedFull tech treeHidden civsTurbo modeCheats
Victory
Defeat
🇦🇷 Italians · Argentina
791
+11
🇦🇷 Goths · Argentina
764
+12
🇦🇷 Georgians · Argentina
748
+14
🇨🇴 Goths · Colombia
696
-13
🇲🇽 Japanese · Mexico
691
-13
🇺🇸 Poles · United States
656
-11
EVOLUTIONS
0:34 Loom
14:27 Feudal Age
16:08 Double-Bit Axe
22:26 Castle Age
sanfra1
2:55 Loom
11:32 Feudal Age
15:45 Castle Age
Itacate
0:45 Loom
Lucas_lupo
0:46 Loom
13:04 Feudal Age
13:39 Man-at-Arms
19:40 Double-Bit Axe
Metal
0:29 Loom
14:51 Feudal Age
20:27 Castle Age
18:43 Scale Barding Armor
18:24 Town Watch
BeRnY
5:10 Loom
13:55 Feudal Age
15:17 Double-Bit Axe
19:12 Horse Collar
Connection lost

Rejoining the realm…

Still unreachable

The connection could not be restored.

Session expired

The server has moved on; the page needs a fresh start.